 Dungeon Crawl Stone Soup version 0.27-b1-41-gafb5482f4b (webtiles) character file.

Game seed: 17977046016714560119

9001 horus123 the Grappler (level 11, -2/100 HPs)
             Began as a Troll Monk on July 28, 2021.
             Was a High Priest of Zin.
             Slain by a sun demon (11 damage)
             ... summoned by an orc high priest
             ... on level 1 of the Orcish Mines.
             The game lasted 00:45:48 (8361 turns).

horus123 the Grappler (Troll Monk)                  Turns: 8361, Time: 00:45:48

Health: -2/100     AC:  0    Str: 28    XL:     11   Next: 17%
Magic:  13/13      EV: 12    Int:  8    God:    Zin [*****.]
Gold:   201        SH:  0    Dex: 12    Spells: 4/14 levels left

rFire    . . .     SeeInvis .     - Unarmed
rCold    . . .     Faith    .   (no shield)
rNeg     . . .     Spirit   .   e - +0 steam dragon scales
rPois    .         Reflect  .   (helmet restricted)
rElec    .         Harm     .   i - +0 cloak
rCorr    .         Rampage  .   (gloves unavailable)
Will     .....                  (boots unavailable)
Stlth    ++........             k - amulet of regeneration
HPRegen  2.26/turn              j - +6 ring of strength
MPRegen  0.13/turn              r - ring of wizardry

@: corroded
A: large, unfitting armour, claws 3, regeneration 1, shaggy fur 1, tough skin 1
a: Renounce Religion, Recite, Vitalisation, Imprison, Sanctuary, Donate Gold


You were on level 1 of the Orcish Mines.
You worshipped Zin.
Zin was extremely pleased with you.
You visited 2 branches of the dungeon, and saw 10 of its levels.

You collected 631 gold pieces.
You donated 430 gold pieces to Zin.

Inventory:

Missiles
 g - 49 poisoned darts
 m - 7 javelins (quivered)
Armour
 e - +0 steam dragon scales (worn)
 i - a +0 cloak (worn)
Jewellery
 d - an amulet of the acrobat
 j - a +6 ring of strength (left claw)
 k - an amulet of regeneration (around neck)
 r - a ring of wizardry (right claw)
Scrolls
 c - a scroll of magic mapping
 f - 2 scrolls of teleportation
 o - a scroll of summoning {unknown}
 p - 3 scrolls of noise
 q - a scroll of identify
 t - a scroll of amnesia
Potions
 b - a potion of might {unknown}
 h - 2 potions of curing
 l - 2 potions of brilliance
 n - 4 potions of haste {unknown}
 s - 2 potions of flight {unknown}


   Skills:
 + Level 4.2 Fighting
 - Level 3.5 Polearms
 + Level 4.2 Throwing
 * Level 6.7 Dodging
 + Level 1.6 Stealth
 * Level 12.2 Unarmed Combat
 + Level 2.0 Spellcasting
 + Level 1.8 Conjurations
 + Level 0.2 Transmutations
 + Level 2.3 Fire Magic
 + Level 0.6 Poison Magic
 + Level 0.7 Invocations


You had 4 spell levels left.
You knew the following spells:

 Your Spells              Type           Power      Damage    Failure   Level
a - Foxfire               Conj/Fire      16%        2x1d4     6%          1
b - Sting                 Tmut/Pois      4%         1d3       12%         1
c - Poisonous Vapours     Pois/Air       2%         N/A       19%         2
d - Conjure Flame         Conj/Fire      4%         6-21      17%         3
e - Inner Flame           Hex/Fire       2%         N/A       26%         3

Your spell library contained the following spells:

 Spells                   Type           Power      Damage    Failure   Level
 Tukima's Dance           Hex            0%         N/A       38%         3
 Hailstorm                Conj/Ice       2%         3d3       65%         4
 Olgreb's Toxic Radiance  Pois           1%         N/A       69%         4
 Ice Form                 Ice/Tmut       1%         N/A       77%         4
 Passage of Golubria      Tloc           N/A        N/A       77%         4
 Yara's Violent Unravell  Hex/Tmut       0%         3d3       97%         5
 Simulacrum               Ice/Necr       0%         N/A       100%        6


Dungeon Overview and Level Annotations

Branches:
Dungeon (9/15)             Temple (0/1) D:6             Orc (1/2) D:9
   Lair: D:8-11

Altars:
Hepliaklqana
Makhleb
Qazlal
Sif Muna
Trog
Uskayaw
Zin
Beogh


Innate Abilities, Weirdness & Mutations

You are too large for most types of armour.
You have claws for hands.
Your natural rate of healing is unusually fast.
You are covered in fur. (AC +1)
You have tough skin. (AC +1)


Message History

The orc wizard points at you and mumbles some strange words.
The puff of flame hits you!
The orc high priest invokes the aid of Beogh against you.
Beogh smites you!
You mangle the orc!!
You kill the orc!
You see here a +0 dagger.
The orc wizard mumbles some strange words.
The orc wizard flickers and vanishes!
You see here a +0 dagger.
You barely miss the rust devil. The rust devil hits you.
The rust devil corrodes you!
You scratch the rust devil.
The rust devil is lightly wounded.
The rust devil hits you! The rust devil corrodes you!
You claw the rust devil!
The rust devil is moderately wounded.
The orc high priest utters an invocation to Beogh.
The rust devil barely misses you.
You scratch the rust devil.
The rust devil is moderately wounded.
You barely miss the rust devil.
The rust devil is moderately wounded.
You scratch the sun demon.
The sun demon is lightly wounded.
You claw the sun demon! x2
The sun demon is moderately wounded.
The sun demon hits you!
You are engulfed in flames!
You barely miss the sun demon.
The sun demon is moderately wounded.
The sun demon hits you!!
You are engulfed in flames!
You miss the sun demon.
The sun demon is moderately wounded.
The sun demon barely misses you.
You scratch the sun demon. You claw the sun demon!
The sun demon is heavily wounded.
The sun demon hits you!!
* * * LOW HITPOINT WARNING * * *
You are engulfed in flames!
You die...

.....#####...#......#...........#
.##.## ##..#....................
..### #......###....###.....#.#
.#.## ##....###.....####...####
....#####......##......# ##.##
.....##.......###...#.## ###
..............3###....##
.....#.....##..3#......#
............##.#@#######
....##......##o###$_.##
....#.........{4#$8.8.#
......>......oo.#o...4#
..#.......#....4#o8.8.
.#..............##4o. ##
##..............o##3###.##
..............)...)o{....#
.#...#........#....o....##


You could see a sun demon (summoned) and a sixfirhy (summoned).

Vanquished Creatures
  An ettin (Orc:1)
  A two-headed ogre (D:9)
  The ghost of Rallik the Magician, a novice DjCj of Cheibriados (D:7)
  Pikel (D:4)
  An orc sorcerer (Orc:1)
  Psyche (D:8)
  Sigmund (D:3)
  3 yaks (D:8)
  3 shadows
  A wyvern (D:9)
  2 steam dragons (D:7)
  Menkaure (D:7)
  An acid dragon (D:6)
  2 sky beasts
  A black bear (D:8)
  4 ice beasts
  6 orc warriors
  5 ogres
  3 centaurs
  A necrophage (D:6)
  2 phantoms
  3 lemures (D:4)
  A kobold brigand (D:7)
  4 bullfrogs
  2 gnoll sergeants
  A wyvern zombie (D:9)
  A scorpion (D:5)
  A wyvern skeleton (D:6)
  A killer bee (D:6)
  4 wights (D:8)
  4 howler monkeys
  A centaur zombie (D:9)
  2 hounds
  4 jellies
  3 bullfrog skeletons
  5 orc priests
  Crazy Yiuf (D:3)
  2 centaur skeletons
  Jessica (D:2)
  3 iguanas
  10 orc wizards
  A killer bee zombie (D:6)
  A hound skeleton (D:5)
  8 adders
  11 gnolls
  3 dart slugs
  41 orcs
  6 ball pythons
  6 bats
  6 endoplasms
  4 giant cockroaches
  6 goblins
  4 hobgoblins
  9 jackals
  11 kobolds
  6 quokkas
  A frilled lizard (D:2)
  5 rats
225 creatures vanquished.

Vanquished Creatures (others)
  154 foxfires
  5 plants (D:3)
159 creatures vanquished.

Grand Total: 384 creatures vanquished

Notes
Turn   | Place    | Note
-------+----------+-------------------------------------------
     0 | D:1      | horus123 the Troll Monk began the quest for the Orb.
     0 | D:1      | Reached XP level 1. HP: 22/22 MP: 0/0
   137 | D:1      | Reached XP level 2. HP: 27/29 MP: 1/1
   713 | D:1      | Reached XP level 3. HP: 36/36 MP: 2/2
  1271 | D:2      | Reached skill level 4 in Unarmed Combat
  1363 | D:2      | Reached XP level 4. HP: 44/44 MP: 3/3
  1604 | D:2      | Noticed Jessica
  1616 | D:2      | Killed Jessica
  1617 | D:2      | Reached skill level 1 in Throwing
  1843 | D:2      | Found a faded altar of an unknown god.
  2207 | D:3      | Found a runed translucent door.
  2208 | D:3      | Noticed Crazy Yiuf
  2214 | D:3      | Killed Crazy Yiuf
  2215 | D:3      | Reached XP level 5. HP: 43/50 MP: 4/4
  2304 | D:3      | Noticed an ogre
  2330 | D:3      | Killed an ogre
  2331 | D:3      | Reached skill level 5 in Unarmed Combat
  2331 | D:3      | Reached XP level 6. HP: 38/59 MP: 5/5
  2385 | D:3      | Noticed Sigmund
  2405 | D:3      | Killed Sigmund
  2683 | D:4      | Reached skill level 6 in Unarmed Combat
  2694 | D:4      | Noticed Pikel
  2742 | D:4      | Killed Pikel
  2743 | D:4      | Reached skill level 7 in Unarmed Combat
  2743 | D:4      | Reached XP level 7. HP: 36/67 MP: 6/6
  2820 | D:4      | Found a glowing silver altar of Zin.
  2840 | D:4      | Reached XP level 8. HP: 69/75 MP: 7/7
  2844 | D:4      | Became a worshipper of Zin the Law-Giver
  2844 | D:4      | Reached * piety under Zin
  2844 | D:4      | Reached ** piety under Zin
  2845 | D:4      | Donated 59 gold pieces to Zin
  3058 | D:4      | Reached *** piety under Zin
  3088 | D:4      | Donated 42 gold pieces to Zin
  3350 | D:4      | Found a stormy altar of Qazlal.
  3351 | D:4      | Found a hazy altar of Hepliaklqana.
  3714 | D:5      | Entered Level 5 of the Dungeon
  3837 | D:5      | Reached skill level 8 in Unarmed Combat
  3864 | D:5      | Learned a level 1 spell: Foxfire
  3866 | D:5      | Learned a level 1 spell: Sting
  3869 | D:5      | Learned a level 2 spell: Poisonous Vapours
  3873 | D:5      | Learned a level 3 spell: Conjure Flame
  4074 | D:5      | Reached skill level 9 in Unarmed Combat
  4126 | D:5      | Reached **** piety under Zin
  4421 | D:6      | Reached skill level 5 in Dodging
  4421 | D:6      | Reached XP level 9. HP: 74/83 MP: 3/8
  4486 | D:6      | Donated 54 gold pieces to Zin
  4501 | D:6      | Reached skill level 10 in Unarmed Combat
  4693 | D:6      | Found a staircase to the Ecumenical Temple.
  4712 | D:6      | Reached skill level 1 in Fire Magic
  5114 | D:7      | Reached skill level 1 in Spellcasting
  5150 | D:7      | Found a runed translucent door.
  5151 | D:7      | Noticed Rallik's ghost (novice DjCj)
  5173 | D:7      | Killed Rallik's ghost
  5174 | D:7      | Reached skill level 11 in Unarmed Combat
  5174 | D:7      | Identified the +4 glaive of Fortitude {freeze, Contam Will+
                  | Str+2 SInv}
  5197 | D:7      | Found a shimmering blue altar of Sif Muna.
  5405 | D:7      | Noticed Menkaure
  5412 | D:7      | Killed Menkaure
  5413 | D:7      | Reached skill level 1 in Conjurations
  5413 | D:7      | Reached XP level 10. HP: 68/92 MP: 10/10
  5485 | D:7      | Reached skill level 1 in Polearms
  5551 | D:7      | Found a burning altar of Makhleb.
  6137 | D:8      | Found a hide-covered altar of Uskayaw.
  6151 | D:8      | Learned a level 3 spell: Inner Flame
  6266 | D:8      | Reached ***** piety under Zin
  6444 | D:8      | Noticed Psyche
  6458 | D:8      | Killed Psyche
  6725 | D:8      | Donated 100 gold pieces to Zin
  6804 | D:8      | Found a bloodstained altar of Trog.
  6807 | D:8      | Identified the +6 quarterstaff "Fubejop" {vorpal, rF+}
  7118 | D:9      | Found a staircase to the Orcish Mines.
  7211 | D:9      | Noticed a two-headed ogre
  7227 | D:9      | HP: 4/91 [two-headed ogre (12)]
  7229 | D:9      | Killed a two-headed ogre
  7920 | Orc:1    | Entered Level 1 of the Orcish Mines
  7998 | Orc:1    | Noticed an orc sorcerer
  8007 | Orc:1    | Killed an orc sorcerer
  8008 | Orc:1    | Reached skill level 12 in Unarmed Combat
  8008 | Orc:1    | Reached XP level 11. HP: 100/100 MP: 12/12
  8023 | Orc:1    | Donated 112 gold pieces to Zin
  8214 | Orc:1    | Noticed an ettin
  8229 | Orc:1    | Killed an ettin
  8239 | Orc:1    | Noticed an orc high priest
  8244 | Orc:1    | Noticed a soul eater
  8355 | Orc:1    | Noticed a sixfirhy
  8355 | Orc:1    | Noticed a sun demon
  8361 | Orc:1    | Slain by a sun demon

Illustrated notes

Levels and vault maps discovered:
D:1:      mrwooster_arrival_statue_3, layout_loops_corners,
          chequers_serial_rivers_marsh
D:2:      layout_basic, shapermc_ecumenical_altar_mp_vishouse,
          amcnicky_mini_pool_small, hangedman_feature_mirror, uniq_jessica
D:3:      layout_rooms, serial_bayou_ford_a, kennysheep_nub,
          uniq_crazy_yiuf_cottage, uniq_sigmund
D:4:      layout_basic, old_standard_altar, gammafunk_temple_overflow_pools,
          hangedman_decor_growths, minmay_misc_feat_rugged, uniq_pikel
D:5:      layout_cave_pools
D:6:      minmay_opposing_rooms, layout_basic, minmay_temple_entry_offerings
D:7:      layout_cave_pods, led_sif_pool, mainiacjoe_overflow_alcove_4,
          gammafunk_ghost_grave, minivault_26, uniq_menkaure
D:8:      layout_cave_pods, nicolae_uskayaw_dance_hall, bloody_trog,
          supply_closet_lemuel, uniq_psyche
D:9:      layout_roguey, david_orc_2
Orc:1:    layout_caves, kennysheep_orc_chapel

Skill      XL: |  1  2  3  4  5  6  7  8  9 10 11 |
---------------+----------------------------------+-----
Unarmed Combat | 4 5 7 9 11 12 | 12.2
Dodging        | 3 4 5 6 |  6.7
Throwing       | 1 2 3 4 |  4.2
Fighting       | 3 4 |  4.2
Fire Magic     | 1 2 |  2.3
Spellcasting   | 1 2 |  2.0
Conjurations   | 1 |  1.8
Polearms       | 3 |  3.5
Stealth        | |  1.6
Transmutations | |  0.2
Poison Magic   | |  0.6
Invocations    | |  0.7

Action                   |  1- 3 |  4- 6 |  7- 9 | 10-12 || total
-------------------------+-------+-------+-------+-------++-------
Melee: Unarmed           |    74 |   116 |   181 |   137 ||   508
       Punch             |     1 |     7 |     3 |    17 ||    28
       Glaive            |       |       |    13 |    59 ||    72
Throw: Javelin           |    31 |     9 |    28 |    28 ||    96
       Dart              |       |     6 |       |       ||     6
 Cast: Foxfire           |       |       |    25 |    72 ||    97
       Sting             |       |       |     1 |     4 ||     5
       Conjure Flame     |       |       |       |     5 ||     5
       Inner Flame       |       |       |       |     1 ||     1
Invok: Donate Gold       |       |       |     3 |     2 ||     5
       Recite            |       |       |     2 |     2 ||     4
  Use: Scroll            |     4 |     3 |     9 |     1 ||    17
       Potion            |       |     1 |     2 |     1 ||     4
 Stab: Sleeping          |     1 |       |       |       ||     1
       Confused          |       |       |       |     1 ||     1
Armor: Robe              |    28 |    36 |    42 |       ||   106
       Steam dragon scal |       |       |    11 |    45 ||    56
Dodge: Dodged            |    43 |    60 |    77 |   123 ||   303
